 Dungeon Crawl Stone Soup version 0.15.0-14-g6bbbb5c (console) character file.

20 gw the Cudgeler (level 2, 0/31 HPs)
             Began as an Ogre Gladiator on Sept 4, 2014.
             Slain by a bat (1 damage)
             ... on Level 2 of the Dungeon.
             The game lasted 00:00:20 (845 turns).

gw the Cudgeler (Ogre Gladiator)                     Turns: 845, Time: 00:00:20

HP   0/31        AC  3     Str 19      XL: 2   Next: 79%
MP   2/2         EV 10     Int  7      God:
Gold 0           SH  0     Dex 10      Spells:  0 memorised,  1 level left

rFire  . . .     SeeInvis .     a - +0 flail
rCold  . . .     Clarity  .     b - +0 animal skin
rNeg   . . .     rCorr    .     (shield restricted)
rPois  .         rRot     .     c - +0 hat
rElec  .         Spirit   .     (no cloak)
SustAb .         Warding  .     (gloves unavailable)
rMut   .         Stasis   .     (boots unavailable)
Gourm  .                        (no amulet)
MR     .....                    (no ring)
                                (no ring)

@: not resistant to hostile enchantments, very unstealthy
A: unfitting armour, tough skin 1
a: no special abilities


You were on level 2 of the Dungeon.
You were not hungry.

You visited 1 branch of the dungeon, and saw 2 of its levels.

Inventory:

Hand weapons
 a - a +0 flail (weapon)
Missiles
 d - 4 throwing nets
 j - 48 stones (quivered)
Armour
 b - a +0 animal skin (worn)
 c - a +0 hat (worn)
Comestibles
 f - 3 meat rations
 g - a slice of pizza
 i - a bread ration
 m - a beef jerky
Scrolls
 e - a scroll of fog
Potions
 k - a potion of cancellation


   Skills:
 + Level 3.1 Fighting
 * Level 4.5 Maces & Flails
 + Level 2.4 Throwing
 + Level 2.9 Dodging


You had one spell level left.
You didn't know any spells.

Dungeon Overview and Level Annotations

Branches:
Dungeon (2/15)

Altars:


Innate Abilities, Weirdness & Mutations

You are too large for most types of armour.
You have tough skin (AC +1).


Message History

FLEEEEING!
ATTACKING (1,0)
You barely miss the kobold.
The kobold is moderately wounded.
The kobold hits you. The hobgoblin hits you.
FLEEEEING!
ATTACKING (1,0)
You barely miss the kobold.
The kobold is moderately wounded.
The kobold barely misses you. The hobgoblin hits you.
FLEEEEING!
ATTACKING (1,0)
You hit the kobold.
You kill the kobold!
The bat closely misses you. The hobgoblin barely misses you.
MOVING TO (2,1)
The bat barely misses you. The hobgoblin hits you. The bat closely misses you.
MOVING TO (1,1)
The bat hits you.
You die...

#####
#..b###.#.#?
#.gO(......#
#(..##..#.#(
...(.## .#
##.#### #. .
..


You could see a hobgoblin and a bat.

Table legend:
 A = Turns spent in this place as a percentage of turns spent in the entire game.
 B = Non-inter-level travel turns spent in this place as a percentage of non-inter-level travel turns spent in the entire game.
 C = Inter-level travel turns spent in this place as a percentage of turns spent in this place.
 D = Turns resting spent in this place as a percentage of non-inter-level travel turns spent in this place.
 E = Turns spent auto-exploring this place as a percentage of non-inter-level travel turns spent in this place.
 F = Non-inter-level travel turns spent in this place divided by the number of levels of this place that you've seen.
                   A       B       C       D       E      F
               +-------+-------+-------+-------+-------+----------------------
         Total | 100.0 | 100.0 |   0.7 |   4.1 |  19.7 |  73.5
       Dungeon | 100.0 | 100.0 |   0.7 |   4.1 |  19.7 |  73.5
               +-------+-------+-------+-------+-------+----------------------

Table legend:
 A = Kills in this place as a percentage of kills in entire the game.
 B = Kills by you in this place as a percentage of kills by you in the entire game.
 C = Kills by friends in this place as a percentage of kills by friends in the entire game.
 D = Other kills in this place as a percentage of other kills in the entire game.
 E = Experience gained in this place as a percentage of experience gained in the entire game.
 F = Experience gained in this place divided by the number of levels of this place that you have seen.
                   A       B       C       D       E      F
               +-------+-------+-------+-------+-------+----------------------
         Total | 100.0 | 100.0 |  -nan |  -nan | 100.0 |  14.5
       Dungeon | 100.0 | 100.0 |  -nan |  -nan | 100.0 |  14.5
               +-------+-------+-------+-------+-------+----------------------

Vanquished Creatures
  A giant mite (D:1)
  A giant gecko (D:2)
  2 bats
  A giant cockroach (D:1)
  2 goblins (D:1)
  2 hobgoblins (D:1)
  2 kobolds
11 creatures vanquished.

Notes
Turn   | Place    | Note
--------------------------------------------------------------
     0 | D:1      | gw, the Ogre Gladiator, began the quest for the Orb.
     0 | D:1      | Reached XP level 1. HP: 22/22 MP: 1/1
   324 | D:1      | Reached XP level 2. HP: 29/31 MP: 2/2
   844 | D:2      | HP: 1/31 [hobgoblin (2)]
   845 | D:2      | Slain by a bat

Action                   || total
-------------------------++-------
Melee: Flail             ||    31
Throw: Stone             ||    28
  Use: Potion            ||     4
       Scroll            ||     2

Vault maps used:
D:1:      dpeg_arrival_brainrot
D:2:      lemuel_coloured_pillars_altar, minmay_strange_pillars,
          serial_bayou_pond_b, corexii_leaking_fountain, minmay_box_of_dots
